Workbook
Name \99: #REF!
Name \a: #REF!
Name \a: #REF!
Name \B: #REF!
Name \L: #REF!
Name \LM: #REF!
Name \P: #REF!
Name \RT: #REF!
Name \s: #REF!
Name \s: #REF!
Name \X: #N/A
Name \Z: #N/A
Name __________________A1: IF('EST RED VIS'!Values_Entered,Header_Row+'EST RED VIS'!Number_of_Payments,Header_Row)
Name __________________A1: IF('EST RED VIS (3)'!Values_Entered,Header_Row+'EST RED VIS (3)'!Number_of_Payments,Header_Row)
Name __________________A1: IF(Values_Entered,Header_Row+Number_of_Payments,Header_Row)
Name __________________A17000: #REF!
Name __________________A17000: #REF!
Name __________________A17000: #REF!
Name __________________A20000: #REF!
Name __________________A20000: #REF!
Name __________________A30000: #REF!
Name __________________A30000: #REF!
Name __________________G1: DATE(YEAR([0]!Loan_Start),MONTH([0]!Loan_Start)+Payment_Number,DAY([0]!Loan_Start))
Name __________________G1: DATE(YEAR('EST RED VIS (3)'!Loan_Start),MONTH('EST RED VIS (3)'!Loan_Start)+Payment_Number,DAY('EST RED VIS (3)'!Loan_Start))
Name __________________G1: DATE(YEAR([0]!Loan_Start),MONTH([0]!Loan_Start)+Payment_Number,DAY([0]!Loan_Start))
Name __________________G1: DATE(YEAR(Loan_Start),MONTH(Loan_Start)+Payment_Number,DAY(Loan_Start))
Name __________________PJ50: #REF!
Name __________________PJ50: #REF!
Name __________________PJ50: #REF!
Name __________________v1: IF('EST RED VIS'!__________________v8,Header_Row+'EST RED VIS'!__________________v4,Header_Row)
Name __________________v1: IF('EST RED VIS (3)'!__________________v8,Header_Row+'EST RED VIS (3)'!__________________v4,Header_Row)
Name __________________v1: #N/A
Name __________________v2: IF('EST RED VIS'!__________________v8,Header_Row+'EST RED VIS'!__________________v4,Header_Row)
Name __________________v2: IF('EST RED VIS (3)'!__________________v8,Header_Row+'EST RED VIS (3)'!__________________v4,Header_Row)
Name __________________v2: IF([0]!__________________v8,Header_Row+[0]!__________________v4,Header_Row)
Name __________________v4: MATCH(0.01,'EST RED VIS'!End_Bal,-1)+1
Name __________________v4: MATCH(0.01,'EST RED VIS (3)'!End_Bal,-1)+1
Name __________________v4: MATCH(0.01,End_Bal,-1)+1
Name __________________v5: DATE(YEAR([0]!Loan_Start),MONTH([0]!Loan_Start)+Payment_Number,DAY([0]!Loan_Start))
Name __________________v5: DATE(YEAR('EST RED VIS (3)'!Loan_Start),MONTH('EST RED VIS (3)'!Loan_Start)+Payment_Number,DAY('EST RED VIS (3)'!Loan_Start))
Name __________________v5: DATE(YEAR([0]!Loan_Start),MONTH([0]!Loan_Start)+Payment_Number,DAY([0]!Loan_Start))
Name __________________v5: DATE(YEAR(Loan_Start),MONTH(Loan_Start)+Payment_Number,DAY(Loan_Start))
Name __________________v6: #N/A
Name __________________v6: #N/A
Name __________________v6: #N/A
Name __________________v7: Scheduled_Payment+Extra_Payment
Name __________________v7: Scheduled_Payment+Extra_Payment
Name __________________v7: Scheduled_Payment+Extra_Payment
Name __________________v7: Scheduled_Payment+Extra_Payment
Name __________________v8: #N/A
Name __________________v8: #N/A
Name __________________v8: IF(Loan_Amount*Interest_Rate*Loan_Years*Loan_Start>0,1,0)
Name __________________w1: IF('EST RED VIS'!__________________w7,Header_Row+'EST RED VIS'!__________________w3,Header_Row)
Name __________________w1: IF('EST RED VIS (3)'!__________________w7,Header_Row+'EST RED VIS (3)'!__________________w3,Header_Row)
Name __________________w1: #N/A
Name __________________w2: IF('EST RED VIS'!__________________w7,Header_Row+'EST RED VIS'!__________________w3,Header_Row)
Name __________________w2: IF('EST RED VIS (3)'!__________________w7,Header_Row+'EST RED VIS (3)'!__________________w3,Header_Row)
Name __________________w2: IF([0]!__________________w7,Header_Row+[0]!__________________w3,Header_Row)
Name __________________w3: MATCH(0.01,'EST RED VIS'!End_Bal,-1)+1
Name __________________w3: MATCH(0.01,'EST RED VIS (3)'!End_Bal,-1)+1

Sheet EST RED VIS (3)
A1: INSTITUTO NACIONAL DE VIAS
A2: DIRECCION TERRITORIAL CAUCA
A4: CUADRO No. 3
A6: RELACION ESTADO DE LA RED CRITERIO DE TRANSITABILIDAD (VISUAL)
A8: INGENIEROS RESIDENTES: | C8: JUAN CARLOS VIDAL TAFURT. | F8: TRIMESTRE EVALUADO: | G8: ABRIL - JUNIO 2023
C9: JULIAN ANDRES MUÑOZ ÑAÑEZ.
A11: CODIGO VIA | B11: PR INICIAL | C11: PR FINAL | D11: CARRETERA | E11: KMS | F11: TIPO DE SUPERFICIE | G11: ESTADO | H11: LA RED | K11: SUPERFICIE
K12: PAVIMENTO | N12: AFIRMADO
H13: B | I13: R | J13: M | K13: B | L13: R | M13: M | N13: B | O13: R | P13: M
A14: 2401 | B14: 0 | C14: 0+0135 | D14: PATICO - CANDELARIA, SECTOR: PATICO - CANDELARIA. | E14: 0.135 | F14: A | G14: B | H14: =IF(G14="b",E14,0) -> 0.135 | I14: =IF(G14="r",E14,0) -> 0 | J14: =IF(G14="m",E14,0) -> 0 | K14: =IF((F14="p"),H14,0) -> 0 | L14: =IF((F14="p"),I14,0) -> 0 | M14: =IF((F14="p"),J14,0) -> 0 | N14: =IF((F14="A"),H14,0) -> 0.135 | O14: =IF((F14="A"),I14,0) -> 0 | P14: =IF((F14="A"),J14,0) -> 0
B15: =C14 -> 0+0135 | C15: 0+0305 | E15: 0.17 | F15: P | G15: B | H15: =IF(G15="b",E15,0) -> 0.17 | I15: =IF(G15="r",E15,0) -> 0 | J15: =IF(G15="m",E15,0) -> 0 | K15: =IF((F15="p"),H15,0) -> 0.17 | L15: =IF((F15="p"),I15,0) -> 0 | M15: =IF((F15="p"),J15,0) -> 0 | N15: =IF((F15="A"),H15,0) -> 0 | O15: =IF((F15="A"),I15,0) -> 0 | P15: =IF((F15="A"),J15,0) -> 0
B16: =C15 -> 0+0305 | C16: =1+B14 -> 1 | E16: 0.495 | F16: A | G16: R | H16: =IF(G16="b",E16,0) -> 0 | I16: =IF(G16="r",E16,0) -> 0.495 | J16: =IF(G16="m",E16,0) -> 0 | K16: =IF((F16="p"),H16,0) -> 0 | L16: =IF((F16="p"),I16,0) -> 0 | M16: =IF((F16="p"),J16,0) -> 0 | N16: =IF((F16="A"),H16,0) -> 0 | O16: =IF((F16="A"),I16,0) -> 0.495 | P16: =IF((F16="A"),J16,0) -> 0
B17: =C16 -> 1 | C17: 1+0900 | E17: 0.911 | F17: A | G17: R | H17: =IF(G17="b",E17,0) -> 0 | I17: =IF(G17="r",E17,0) -> 0.911 | J17: =IF(G17="m",E17,0) -> 0 | K17: =IF((F17="p"),H17,0) -> 0 | L17: =IF((F17="p"),I17,0) -> 0 | M17: =IF((F17="p"),J17,0) -> 0 | N17: =IF((F17="A"),H17,0) -> 0 | O17: =IF((F17="A"),I17,0) -> 0.911 | P17: =IF((F17="A"),J17,0) -> 0
B18: =C17 -> 1+0900 | C18: =1+B17 -> 2 | E18: 0.152 | F18: P | G18: B | H18: =IF(G18="b",E18,0) -> 0.152 | I18: =IF(G18="r",E18,0) -> 0 | J18: =IF(G18="m",E18,0) -> 0 | K18: =IF((F18="p"),H18,0) -> 0.152 | L18: =IF((F18="p"),I18,0) -> 0 | M18: =IF((F18="p"),J18,0) -> 0 | N18: =IF((F18="A"),H18,0) -> 0 | O18: =IF((F18="A"),I18,0) -> 0 | P18: =IF((F18="A"),J18,0) -> 0
B19: =C18 -> 2 | C19: =1+B19 -> 3 | E19: 1 | F19: P | G19: B | H19: =IF(G19="b",E19,0) -> 1 | I19: =IF(G19="r",E19,0) -> 0 | J19: =IF(G19="m",E19,0) -> 0 | K19: =IF((F19="p"),H19,0) -> 1 | L19: =IF((F19="p"),I19,0) -> 0 | M19: =IF((F19="p"),J19,0) -> 0 | N19: =IF((F19="A"),H19,0) -> 0 | O19: =IF((F19="A"),I19,0) -> 0 | P19: =IF((F19="A"),J19,0) -> 0
B20: =C19 -> 3 | C20: =1+B20 -> 4 | E20: 1.123 | F20: P | G20: B | H20: =IF(G20="b",E20,0) -> 1.123 | I20: =IF(G20="r",E20,0) -> 0 | J20: =IF(G20="m",E20,0) -> 0 | K20: =IF((F20="p"),H20,0) -> 1.123 | L20: =IF((F20="p"),I20,0) -> 0 | M20: =IF((F20="p"),J20,0) -> 0 | N20: =IF((F20="A"),H20,0) -> 0 | O20: =IF((F20="A"),I20,0) -> 0 | P20: =IF((F20="A"),J20,0) -> 0
B21: =C20 -> 4 | C21: =1+B21 -> 5 | E21: 0.977 | F21: P | G21: M | H21: =IF(G21="b",E21,0) -> 0 | I21: =IF(G21="r",E21,0) -> 0 | J21: =IF(G21="m",E21,0) -> 0.977 | K21: =IF((F21="p"),H21,0) -> 0 | L21: =IF((F21="p"),I21,0) -> 0 | M21: =IF((F21="p"),J21,0) -> 0.977 | N21: =IF((F21="A"),H21,0) -> 0 | O21: =IF((F21="A"),I21,0) -> 0 | P21: =IF((F21="A"),J21,0) -> 0
B22: =C21 -> 5 | C22: =1+B22 -> 6 | E22: 1.023 | F22: P | G22: R | H22: =IF(G22="b",E22,0) -> 0 | I22: =IF(G22="r",E22,0) -> 1.023 | J22: =IF(G22="m",E22,0) -> 0 | K22: =IF((F22="p"),H22,0) -> 0 | L22: =IF((F22="p"),I22,0) -> 1.023 | M22: =IF((F22="p"),J22,0) -> 0 | N22: =IF((F22="A"),H22,0) -> 0 | O22: =IF((F22="A"),I22,0) -> 0 | P22: =IF((F22="A"),J22,0) -> 0
B23: =C22 -> 6 | C23: =1+B23 -> 7 | E23: 0.83 | F23: P | G23: R | H23: =IF(G23="b",E23,0) -> 0 | I23: =IF(G23="r",E23,0) -> 0.83 | J23: =IF(G23="m",E23,0) -> 0 | K23: =IF((F23="p"),H23,0) -> 0 | L23: =IF((F23="p"),I23,0) -> 0.83 | M23: =IF((F23="p"),J23,0) -> 0 | N23: =IF((F23="A"),H23,0) -> 0 | O23: =IF((F23="A"),I23,0) -> 0 | P23: =IF((F23="A"),J23,0) -> 0
B24: =C23 -> 7 | C24: =1+B24 -> 8 | E24: 1.025 | F24: P | G24: M | H24: =IF(G24="b",E24,0) -> 0 | I24: =IF(G24="r",E24,0) -> 0 | J24: =IF(G24="m",E24,0) -> 1.025 | K24: =IF((F24="p"),H24,0) -> 0 | L24: =IF((F24="p"),I24,0) -> 0 | M24: =IF((F24="p"),J24,0) -> 1.025 | N24: =IF((F24="A"),H24,0) -> 0 | O24: =IF((F24="A"),I24,0) -> 0 | P24: =IF((F24="A"),J24,0) -> 0
B25: =C24 -> 8 | C25: =1+B25 -> 9 | E25: 0.779 | F25: P | G25: M | H25: =IF(G25="b",E25,0) -> 0 | I25: =IF(G25="r",E25,0) -> 0 | J25: =IF(G25="m",E25,0) -> 0.779 | K25: =IF((F25="p"),H25,0) -> 0 | L25: =IF((F25="p"),I25,0) -> 0 | M25: =IF((F25="p"),J25,0) -> 0.779 | N25: =IF((F25="A"),H25,0) -> 0 | O25: =IF((F25="A"),I25,0) -> 0 | P25: =IF((F25="A"),J25,0) -> 0
B26: =C25 -> 9 | C26: =1+B26 -> 10 | E26: 1.199 | F26: P | G26: R | H26: =IF(G26="b",E26,0) -> 0 | I26: =IF(G26="r",E26,0) -> 1.199 | J26: =IF(G26="m",E26,0) -> 0 | K26: =IF((F26="p"),H26,0) -> 0 | L26: =IF((F26="p"),I26,0) -> 1.199 | M26: =IF((F26="p"),J26,0) -> 0 | N26: =IF((F26="A"),H26,0) -> 0 | O26: =IF((F26="A"),I26,0) -> 0 | P26: =IF((F26="A"),J26,0) -> 0
B27: =C26 -> 10 | C27: =1+B27 -> 11 | E27: 0.99 | F27: P | G27: R | H27: =IF(G27="b",E27,0) -> 0 | I27: =IF(G27="r",E27,0) -> 0.99 | J27: =IF(G27="m",E27,0) -> 0 | K27: =IF((F27="p"),H27,0) -> 0 | L27: =IF((F27="p"),I27,0) -> 0.99 | M27: =IF((F27="p"),J27,0) -> 0 | N27: =IF((F27="A"),H27,0) -> 0 | O27: =IF((F27="A"),I27,0) -> 0 | P27: =IF((F27="A"),J27,0) -> 0
B28: =C27 -> 11 | C28: 11+0900 | E28: 0.9 | F28: P | G28: R | H28: =IF(G28="b",E28,0) -> 0 | I28: =IF(G28="r",E28,0) -> 0.9 | J28: =IF(G28="m",E28,0) -> 0 | K28: =IF((F28="p"),H28,0) -> 0 | L28: =IF((F28="p"),I28,0) -> 0.9 | M28: =IF((F28="p"),J28,0) -> 0 | N28: =IF((F28="A"),H28,0) -> 0 | O28: =IF((F28="A"),I28,0) -> 0 | P28: =IF((F28="A"),J28,0) -> 0
B29: =C28 -> 11+0900 | C29: =1+B28 -> 12 | E29: 0.321 | F29: P | G29: B | H29: =IF(G29="b",E29,0) -> 0.321 | I29: =IF(G29="r",E29,0) -> 0 | J29: =IF(G29="m",E29,0) -> 0 | K29: =IF((F29="p"),H29,0) -> 0.321 | L29: =IF((F29="p"),I29,0) -> 0 | M29: =IF((F29="p"),J29,0) -> 0 | N29: =IF((F29="A"),H29,0) -> 0 | O29: =IF((F29="A"),I29,0) -> 0 | P29: =IF((F29="A"),J29,0) -> 0
B30: =C29 -> 12 | C30: 12+0270 | E30: 0.27 | F30: P | G30: B | H30: =IF(G30="b",E30,0) -> 0.27 | I30: =IF(G30="r",E30,0) -> 0 | J30: =IF(G30="m",E30,0) -> 0 | K30: =IF((F30="p"),H30,0) -> 0.27 | L30: =IF((F30="p"),I30,0) -> 0 | M30: =IF((F30="p"),J30,0) -> 0 | N30: =IF((F30="A"),H30,0) -> 0 | O30: =IF((F30="A"),I30,0) -> 0 | P30: =IF((F30="A"),J30,0) -> 0
B31: =C30 -> 12+0270 | C31: 12+0395 | E31: 0.125 | F31: P | G31: B | H31: =IF(G31="b",E31,0) -> 0.125 | I31: =IF(G31="r",E31,0) -> 0 | J31: =IF(G31="m",E31,0) -> 0 | K31: =IF((F31="p"),H31,0) -> 0.125 | L31: =IF((F31="p"),I31,0) -> 0 | M31: =IF((F31="p"),J31,0) -> 0 | N31: =IF((F31="A"),H31,0) -> 0 | O31: =IF((F31="A"),I31,0) -> 0 | P31: =IF((F31="A"),J31,0) -> 0
B32: =C31 -> 12+0395 | C32: =1+B30 -> 13 | E32: 0.245 | F32: A | G32: R | H32: =IF(G32="b",E32,0) -> 0 | I32: =IF(G32="r",E32,0) -> 0.245 | J32: =IF(G32="m",E32,0) -> 0 | K32: =IF((F32="p"),H32,0) -> 0 | L32: =IF((F32="p"),I32,0) -> 0 | M32: =IF((F32="p"),J32,0) -> 0 | N32: =IF((F32="A"),H32,0) -> 0 | O32: =IF((F32="A"),I32,0) -> 0.245 | P32: =IF((F32="A"),J32,0) -> 0
B33: =C32 -> 13 | C33: =1+B33 -> 14 | E33: 1.02 | F33: A | G33: R | H33: =IF(G33="b",E33,0) -> 0 | I33: =IF(G33="r",E33,0) -> 1.02 | J33: =IF(G33="m",E33,0) -> 0 | K33: =IF((F33="p"),H33,0) -> 0 | L33: =IF((F33="p"),I33,0) -> 0 | M33: =IF((F33="p"),J33,0) -> 0 | N33: =IF((F33="A"),H33,0) -> 0 | O33: =IF((F33="A"),I33,0) -> 1.02 | P33: =IF((F33="A"),J33,0) -> 0
B34: =C33 -> 14 | C34: =1+B34 -> 15 | E34: 0.993 | F34: A | G34: R | H34: =IF(G34="b",E34,0) -> 0 | I34: =IF(G34="r",E34,0) -> 0.993 | J34: =IF(G34="m",E34,0) -> 0 | K34: =IF((F34="p"),H34,0) -> 0 | L34: =IF((F34="p"),I34,0) -> 0 | M34: =IF((F34="p"),J34,0) -> 0 | N34: =IF((F34="A"),H34,0) -> 0 | O34: =IF((F34="A"),I34,0) -> 0.993 | P34: =IF((F34="A"),J34,0) -> 0
B35: =C34 -> 15 | C35: =1+B35 -> 16 | E35: 0.915 | F35: A | G35: R | H35: =IF(G35="b",E35,0) -> 0 | I35: =IF(G35="r",E35,0) -> 0.915 | J35: =IF(G35="m",E35,0) -> 0 | K35: =IF((F35="p"),H35,0) -> 0 | L35: =IF((F35="p"),I35,0) -> 0 | M35: =IF((F35="p"),J35,0) -> 0 | N35: =IF((F35="A"),H35,0) -> 0 | O35: =IF((F35="A"),I35,0) -> 0.915 | P35: =IF((F35="A"),J35,0) -> 0
B36: =C35 -> 16 | C36: =1+B36 -> 17 | E36: 0.946 | F36: A | G36: R | H36: =IF(G36="b",E36,0) -> 0 | I36: =IF(G36="r",E36,0) -> 0.946 | J36: =IF(G36="m",E36,0) -> 0 | K36: =IF((F36="p"),H36,0) -> 0 | L36: =IF((F36="p"),I36,0) -> 0 | M36: =IF((F36="p"),J36,0) -> 0 | N36: =IF((F36="A"),H36,0) -> 0 | O36: =IF((F36="A"),I36,0) -> 0.946 | P36: =IF((F36="A"),J36,0) -> 0
B37: =C36 -> 17 | C37: =1+B37 -> 18 | E37: 1.047 | F37: A | G37: R | H37: =IF(G37="b",E37,0) -> 0 | I37: =IF(G37="r",E37,0) -> 1.047 | J37: =IF(G37="m",E37,0) -> 0 | K37: =IF((F37="p"),H37,0) -> 0 | L37: =IF((F37="p"),I37,0) -> 0 | M37: =IF((F37="p"),J37,0) -> 0 | N37: =IF((F37="A"),H37,0) -> 0 | O37: =IF((F37="A"),I37,0) -> 1.047 | P37: =IF((F37="A"),J37,0) -> 0
B38: =C37 -> 18 | C38: =1+B38 -> 19 | E38: 1.391 | F38: A | G38: R | H38: =IF(G38="b",E38,0) -> 0 | I38: =IF(G38="r",E38,0) -> 1.391 | J38: =IF(G38="m",E38,0) -> 0 | K38: =IF((F38="p"),H38,0) -> 0 | L38: =IF((F38="p"),I38,0) -> 0 | M38: =IF((F38="p"),J38,0) -> 0 | N38: =IF((F38="A"),H38,0) -> 0 | O38: =IF((F38="A"),I38,0) -> 1.391 | P38: =IF((F38="A"),J38,0) -> 0
B39: =C38 -> 19 | C39: =1+B39 -> 20 | E39: 0.98 | F39: A | G39: R | H39: =IF(G39="b",E39,0) -> 0 | I39: =IF(G39="r",E39,0) -> 0.98 | J39: =IF(G39="m",E39,0) -> 0 | K39: =IF((F39="p"),H39,0) -> 0 | L39: =IF((F39="p"),I39,0) -> 0 | M39: =IF((F39="p"),J39,0) -> 0 | N39: =IF((F39="A"),H39,0) -> 0 | O39: =IF((F39="A"),I39,0) -> 0.98 | P39: =IF((F39="A"),J39,0) -> 0
B40: =C39 -> 20 | C40: =1+B40 -> 21 | E40: 0.948 | F40: A | G40: R | H40: =IF(G40="b",E40,0) -> 0 | I40: =IF(G40="r",E40,0) -> 0.948 | J40: =IF(G40="m",E40,0) -> 0 | K40: =IF((F40="p"),H40,0) -> 0 | L40: =IF((F40="p"),I40,0) -> 0 | M40: =IF((F40="p"),J40,0) -> 0 | N40: =IF((F40="A"),H40,0) -> 0 | O40: =IF((F40="A"),I40,0) -> 0.948 | P40: =IF((F40="A"),J40,0) -> 0
B41: =C40 -> 21 | C41: =1+B41 -> 22 | E41: 0.957 | F41: A | G41: M | H41: =IF(G41="b",E41,0) -> 0 | I41: =IF(G41="r",E41,0) -> 0 | J41: =IF(G41="m",E41,0) -> 0.957 | K41: =IF((F41="p"),H41,0) -> 0 | L41: =IF((F41="p"),I41,0) -> 0 | M41: =IF((F41="p"),J41,0) -> 0 | N41: =IF((F41="A"),H41,0) -> 0 | O41: =IF((F41="A"),I41,0) -> 0 | P41: =IF((F41="A"),J41,0) -> 0.957
B42: =C41 -> 22 | C42: =1+B42 -> 23 | E42: 0.981 | F42: A | G42: M | H42: =IF(G42="b",E42,0) -> 0 | I42: =IF(G42="r",E42,0) -> 0 | J42: =IF(G42="m",E42,0) -> 0.981 | K42: =IF((F42="p"),H42,0) -> 0 | L42: =IF((F42="p"),I42,0) -> 0 | M42: =IF((F42="p"),J42,0) -> 0 | N42: =IF((F42="A"),H42,0) -> 0 | O42: =IF((F42="A"),I42,0) -> 0 | P42: =IF((F42="A"),J42,0) -> 0.981
B43: =C42 -> 23 | C43: =1+B43 -> 24 | E43: 1.023 | F43: A | G43: M | H43: =IF(G43="b",E43,0) -> 0 | I43: =IF(G43="r",E43,0) -> 0 | J43: =IF(G43="m",E43,0) -> 1.023 | K43: =IF((F43="p"),H43,0) -> 0 | L43: =IF((F43="p"),I43,0) -> 0 | M43: =IF((F43="p"),J43,0) -> 0 | N43: =IF((F43="A"),H43,0) -> 0 | O43: =IF((F43="A"),I43,0) -> 0 | P43: =IF((F43="A"),J43,0) -> 1.023
B44: =C43 -> 24 | C44: =1+B44 -> 25 | E44: 0.95 | F44: A | G44: M | H44: =IF(G44="b",E44,0) -> 0 | I44: =IF(G44="r",E44,0) -> 0 | J44: =IF(G44="m",E44,0) -> 0.95 | K44: =IF((F44="p"),H44,0) -> 0 | L44: =IF((F44="p"),I44,0) -> 0 | M44: =IF((F44="p"),J44,0) -> 0 | N44: =IF((F44="A"),H44,0) -> 0 | O44: =IF((F44="A"),I44,0) -> 0 | P44: =IF((F44="A"),J44,0) -> 0.95
... B83: =C82 -> 63 | C83: =1+B83 -> 64 | E83: 0.974 | F83: A | G83: M | H83: =IF(G83="b",E83,0) -> 0 | I83: =IF(G83="r",E83,0) -> 0 | J83: =IF(G83="m",E83,0) -> 0.974 | K83: =IF((F83="p"),H83,0) -> 0 | L83: =IF((F83="p"),I83,0) -> 0 | M83: =IF((F83="p"),J83,0) -> 0 | N83: =IF((F83="A"),H83,0) -> 0 | O83: =IF((F83="A"),I83,0) -> 0 | P83: =IF((F83="A"),J83,0) -> 0.974
B84: =C83 -> 64 | C84: 64+0500 | E84: 0.5 | F84: A | G84: M | H84: =IF(G84="b",E84,0) -> 0 | I84: =IF(G84="r",E84,0) -> 0 | J84: =IF(G84="m",E84,0) -> 0.5 | K84: =IF((F84="p"),H84,0) -> 0 | L84: =IF((F84="p"),I84,0) -> 0 | M84: =IF((F84="p"),J84,0) -> 0 | N84: =IF((F84="A"),H84,0) -> 0 | O84: =IF((F84="A"),I84,0) -> 0 | P84: =IF((F84="A"),J84,0) -> 0.5
B85: =C84 -> 64+0500 | C85: =1+B84 -> 65 | E85: 0.445 | F85: P | G85: B | H85: =IF(G85="b",E85,0) -> 0.445 | I85: =IF(G85="r",E85,0) -> 0 | J85: =IF(G85="m",E85,0) -> 0 | K85: =IF((F85="p"),H85,0) -> 0.445 | L85: =IF((F85="p"),I85,0) -> 0 | M85: =IF((F85="p"),J85,0) -> 0 | N85: =IF((F85="A"),H85,0) -> 0 | O85: =IF((F85="A"),I85,0) -> 0 | P85: =IF((F85="A"),J85,0) -> 0
B86: =C85 -> 65 | C86: 65+0320 | E86: 0.32 | F86: P | G86: B | H86: =IF(G86="b",E86,0) -> 0.32 | I86: =IF(G86="r",E86,0) -> 0 | J86: =IF(G86="m",E86,0) -> 0 | K86: =IF((F86="p"),H86,0) -> 0.32 | L86: =IF((F86="p"),I86,0) -> 0 | M86: =IF((F86="p"),J86,0) -> 0 | N86: =IF((F86="A"),H86,0) -> 0 | O86: =IF((F86="A"),I86,0) -> 0 | P86: =IF((F86="A"),J86,0) -> 0
B87: =C86 -> 65+0320 | C87: 65+0822 | E87: 0.502 | F87: P | G87: B | H87: =IF(G87="b",E87,0) -> 0.502 | I87: =IF(G87="r",E87,0) -> 0 | J87: =IF(G87="m",E87,0) -> 0 | K87: =IF((F87="p"),H87,0) -> 0.502 | L87: =IF((F87="p"),I87,0) -> 0 | M87: =IF((F87="p"),J87,0) -> 0 | N87: =IF((F87="A"),H87,0) -> 0 | O87: =IF((F87="A"),I87,0) -> 0 | P87: =IF((F87="A"),J87,0) -> 0
B88: =C87 -> 65+0822 | C88: =+B86+1 -> 66 | E88: 0.138 | F88: A | G88: B | H88: =IF(G88="b",E88,0) -> 0.138 | I88: =IF(G88="r",E88,0) -> 0 | J88: =IF(G88="m",E88,0) -> 0 | K88: =IF((F88="p"),H88,0) -> 0 | L88: =IF((F88="p"),I88,0) -> 0 | M88: =IF((F88="p"),J88,0) -> 0 | N88: =IF((F88="A"),H88,0) -> 0.138 | O88: =IF((F88="A"),I88,0) -> 0 | P88: =IF((F88="A"),J88,0) -> 0
B89: =C88 -> 66 | C89: =1+B89 -> 67 | E89: 0.982 | F89: A | G89: M | H89: =IF(G89="b",E89,0) -> 0 | I89: =IF(G89="r",E89,0) -> 0 | J89: =IF(G89="m",E89,0) -> 0.982 | K89: =IF((F89="p"),H89,0) -> 0 | L89: =IF((F89="p"),I89,0) -> 0 | M89: =IF((F89="p"),J89,0) -> 0 | N89: =IF((F89="A"),H89,0) -> 0 | O89: =IF((F89="A"),I89,0) -> 0 | P89: =IF((F89="A"),J89,0) -> 0.982
B90: =C89 -> 67 | C90: =1+B90 -> 68 | E90: 0.997 | F90: A | G90: M | H90: =IF(G90="b",E90,0) -> 0 | I90: =IF(G90="r",E90,0) -> 0 | J90: =IF(G90="m",E90,0) -> 0.997 | K90: =IF((F90="p"),H90,0) -> 0 | L90: =IF((F90="p"),I90,0) -> 0 | M90: =IF((F90="p"),J90,0) -> 0 | N90: =IF((F90="A"),H90,0) -> 0 | O90: =IF((F90="A"),I90,0) -> 0 | P90: =IF((F90="A"),J90,0) -> 0.997
B91: =C90 -> 68 | C91: =1+B91 -> 69 | E91: 0.955 | F91: A | G91: R | H91: =IF(G91="b",E91,0) -> 0 | I91: =IF(G91="r",E91,0) -> 0.955 | J91: =IF(G91="m",E91,0) -> 0 | K91: =IF((F91="p"),H91,0) -> 0 | L91: =IF((F91="p"),I91,0) -> 0 | M91: =IF((F91="p"),J91,0) -> 0 | N91: =IF((F91="A"),H91,0) -> 0 | O91: =IF((F91="A"),I91,0) -> 0.955 | P91: =IF((F91="A"),J91,0) -> 0
B92: =C91 -> 69 | C92: =1+B92 -> 70 | E92: 0.965 | F92: A | G92: R | H92: =IF(G92="b",E92,0) -> 0 | I92: =IF(G92="r",E92,0) -> 0.965 | J92: =IF(G92="m",E92,0) -> 0 | K92: =IF((F92="p"),H92,0) -> 0 | L92: =IF((F92="p"),I92,0) -> 0 | M92: =IF((F92="p"),J92,0) -> 0 | N92: =IF((F92="A"),H92,0) -> 0 | O92: =IF((F92="A"),I92,0) -> 0.965 | P92: =IF((F92="A"),J92,0) -> 0
B93: =C92 -> 70 | C93: =1+B93 -> 71 | E93: 0.94 | F93: A | G93: R | H93: =IF(G93="b",E93,0) -> 0 | I93: =IF(G93="r",E93,0) -> 0.94 | J93: =IF(G93="m",E93,0) -> 0 | K93: =IF((F93="p"),H93,0) -> 0 | L93: =IF((F93="p"),I93,0) -> 0 | M93: =IF((F93="p"),J93,0) -> 0 | N93: =IF((F93="A"),H93,0) -> 0 | O93: =IF((F93="A"),I93,0) -> 0.94 | P93: =IF((F93="A"),J93,0) -> 0
B94: =C93 -> 71 | C94: =1+B94 -> 72 | E94: 0.95 | F94: A | G94: M | H94: =IF(G94="b",E94,0) -> 0 | I94: =IF(G94="r",E94,0) -> 0 | J94: =IF(G94="m",E94,0) -> 0.95 | K94: =IF((F94="p"),H94,0) -> 0 | L94: =IF((F94="p"),I94,0) -> 0 | M94: =IF((F94="p"),J94,0) -> 0 | N94: =IF((F94="A"),H94,0) -> 0 | O94: =IF((F94="A"),I94,0) -> 0 | P94: =IF((F94="A"),J94,0) -> 0.95
B95: =C94 -> 72 | C95: =1+B95 -> 73 | E95: 0.99 | F95: A | G95: M | H95: =IF(G95="b",E95,0) -> 0 | I95: =IF(G95="r",E95,0) -> 0 | J95: =IF(G95="m",E95,0) -> 0.99 | K95: =IF((F95="p"),H95,0) -> 0 | L95: =IF((F95="p"),I95,0) -> 0 | M95: =IF((F95="p"),J95,0) -> 0 | N95: =IF((F95="A"),H95,0) -> 0 | O95: =IF((F95="A"),I95,0) -> 0 | P95: =IF((F95="A"),J95,0) -> 0.99
B96: =C95 -> 73 | C96: =1+B96 -> 74 | E96: 0.98 | F96: A | G96: B | H96: =IF(G96="b",E96,0) -> 0.98 | I96: =IF(G96="r",E96,0) -> 0 | J96: =IF(G96="m",E96,0) -> 0 | K96: =IF((F96="p"),H96,0) -> 0 | L96: =IF((F96="p"),I96,0) -> 0 | M96: =IF((F96="p"),J96,0) -> 0 | N96: =IF((F96="A"),H96,0) -> 0.98 | O96: =IF((F96="A"),I96,0) -> 0 | P96: =IF((F96="A"),J96,0) -> 0
B97: =C96 -> 74 | C97: =1+B97 -> 75 | E97: 0.948 | F97: A | G97: B | H97: =IF(G97="b",E97,0) -> 0.948 | I97: =IF(G97="r",E97,0) -> 0 | J97: =IF(G97="m",E97,0) -> 0 | K97: =IF((F97="p"),H97,0) -> 0 | L97: =IF((F97="p"),I97,0) -> 0 | M97: =IF((F97="p"),J97,0) -> 0 | N97: =IF((F97="A"),H97,0) -> 0.948 | O97: =IF((F97="A"),I97,0) -> 0 | P97: =IF((F97="A"),J97,0) -> 0
H99: =SUM(H14:H98) -> 6.629 | I99: =SUM(I14:I98) -> 35.091 | J99: =SUM(J14:J98) -> 31.801 | K99: =SUM(K14:K98) -> 4.428 | L99: =SUM(L14:L98) -> 4.942 | M99: =SUM(M14:M98) -> 2.781 | N99: =SUM(N14:N98) -> 2.201 | O99: =SUM(O14:O98) -> 30.149 | P99: =SUM(P14:P98) -> 29.02
H100: =SUM(H99:J99) -> 73.521 | K100: =SUM(K99:M99) -> 12.151 | N100: =SUM(N99:P99) -> 61.37 | S100: =11*4 -> 44
H101: =+H99/$H$100 -> 0.090164715 | I101: =+I99/$H$100 -> 0.4772922 | J101: =+J99/$H$100 -> 0.43254308
E102: CONVENCIONES | H102: TOTALES DE LA RED A CARGO
E103: B | F103: BUENO | H103: LA RED | K103: SUPERFICIE
E104: R | F104: REGULAR | K104: PAVIMENTO | N104: AFIRMADO
E105: M | F105: MALO | H105: B | I105: R | J105: M | K105: B | L105: R | M105: M | N105: B | O105: R | P105: M
A106: Notas: | H106: =+#REF!+#REF!+H99 -> #REF! | I106: =+#REF!+#REF!+I99 -> #REF! | J106: =+#REF!+#REF!+J99 -> #REF! | K106: =+#REF!+#REF!+K99 -> #REF! | L106: =+#REF!+#REF!+L99 -> #REF! | M106: =+#REF!+#REF!+M99 -> #REF! | N106: =+#REF!+#REF!+N99 -> #REF! | O106: =+#REF!+#REF!+O99 -> #REF! | P106: =+#REF!+#REF!+P99 -> #REF!
H107: =SUM(H106:J106) -> #REF! | K107: =SUM(K106:M106) -> #REF! | N107: =SUM(N106:P106) -> #REF!

Sheet EST RED VIS
A1: INSTITUTO NACIONAL DE VIAS
A2: DIRECCION TERRITORIAL CAUCA
A4: CUADRO No. 3
A6: RELACION ESTADO DE LA RED CRITERIO DE TRANSITABILIDAD (VISUAL)
A8: INGENIEROS RESIDENTES: | C8: JUAN CARLOS VIDAL TAFURT. | F8: TRIMESTRE EVALUADO: | G8: SEPTIEMBRE DE 2023
A10: CODIGO VIA | B10: PR INICIAL | C10: PR FINAL | D10: CARRETERA | E10: KMS | F10: TIPO DE SUPERFICIE | G10: ESTADO
A12: 2401 | B12: 0 | C12: 0+0135 | D12: PATICO - CANDELARIA, SECTOR: PATICO - CANDELARIA. | E12: 0.135 | F12: A | G12: B | H12: =IF(G12="b",E12,0) -> 0.135 | I12: =IF(G12="r",E12,0) -> 0 | J12: =IF(G12="m",E12,0) -> 0 | K12: =IF((F12="p"),H12,0) -> 0 | L12: =IF((F12="p"),I12,0) -> 0 | M12: =IF((F12="p"),J12,0) -> 0 | N12: =IF((F12="A"),H12,0) -> 0.135 | O12: =IF((F12="A"),I12,0) -> 0 | P12: =IF((F12="A"),J12,0) -> 0
B13: =C12 -> 0+0135 | C13: 0+0305 | E13: 0.17 | F13: P | G13: B | H13: =IF(G13="b",E13,0) -> 0.17 | I13: =IF(G13="r",E13,0) -> 0 | J13: =IF(G13="m",E13,0) -> 0 | K13: =IF((F13="p"),H13,0) -> 0.17 | L13: =IF((F13="p"),I13,0) -> 0 | M13: =IF((F13="p"),J13,0) -> 0 | N13: =IF((F13="A"),H13,0) -> 0 | O13: =IF((F13="A"),I13,0) -> 0 | P13: =IF((F13="A"),J13,0) -> 0
B14: =C13 -> 0+0305 | C14: 1+0900 | E14: =SUM('EST RED VIS (3)'!E16:E17) -> 1.406 | F14: A | G14: B | H14: =IF(G14="b",E14,0) -> 1.406 | I14: =IF(G14="r",E14,0) -> 0 | J14: =IF(G14="m",E14,0) -> 0 | K14: =IF((F14="p"),H14,0) -> 0 | L14: =IF((F14="p"),I14,0) -> 0 | M14: =IF((F14="p"),J14,0) -> 0 | N14: =IF((F14="A"),H14,0) -> 1.406 | O14: =IF((F14="A"),I14,0) -> 0 | P14: =IF((F14="A"),J14,0) -> 0
B15: =C14 -> 1+0900 | C15: 4+0000 | E15: =SUM('EST RED VIS (3)'!E18:E20) -> 2.275 | F15: P | G15: B | H15: =IF(G15="b",E15,0) -> 2.275 | I15: =IF(G15="r",E15,0) -> 0 | J15: =IF(G15="m",E15,0) -> 0 | K15: =IF((F15="p"),H15,0) -> 2.275 | L15: =IF((F15="p"),I15,0) -> 0 | M15: =IF((F15="p"),J15,0) -> 0 | N15: =IF((F15="A"),H15,0) -> 0 | O15: =IF((F15="A"),I15,0) -> 0 | P15: =IF((F15="A"),J15,0) -> 0
B16: =C15 -> 4+0000 | C16: 5+0000 | E16: =+'EST RED VIS (3)'!E21 -> 0.977 | F16: P | G16: M | H16: =IF(G16="b",E16,0) -> 0 | I16: =IF(G16="r",E16,0) -> 0 | J16: =IF(G16="m",E16,0) -> 0.977 | K16: =IF((F16="p"),H16,0) -> 0 | L16: =IF((F16="p"),I16,0) -> 0 | M16: =IF((F16="p"),J16,0) -> 0.977 | N16: =IF((F16="A"),H16,0) -> 0 | O16: =IF((F16="A"),I16,0) -> 0 | P16: =IF((F16="A"),J16,0) -> 0
B17: =C16 -> 5+0000 | C17: 7+0000 | E17: =SUM('EST RED VIS (3)'!E22:E23) -> 1.853 | F17: P | G17: R | H17: =IF(G17="b",E17,0) -> 0 | I17: =IF(G17="r",E17,0) -> 1.853 | J17: =IF(G17="m",E17,0) -> 0 | K17: =IF((F17="p"),H17,0) -> 0 | L17: =IF((F17="p"),I17,0) -> 1.853 | M17: =IF((F17="p"),J17,0) -> 0 | N17: =IF((F17="A"),H17,0) -> 0 | O17: =IF((F17="A"),I17,0) -> 0 | P17: =IF((F17="A"),J17,0) -> 0
B18: =+C17 -> 7+0000 | C18: 9+0000 | E18: =SUM('EST RED VIS (3)'!E24:E25) -> 1.804 | F18: P | G18: M | H18: =IF(G18="b",E18,0) -> 0 | I18: =IF(G18="r",E18,0) -> 0 | J18: =IF(G18="m",E18,0) -> 1.804 | K18: =IF((F18="p"),H18,0) -> 0 | L18: =IF((F18="p"),I18,0) -> 0 | M18: =IF((F18="p"),J18,0) -> 1.804 | N18: =IF((F18="A"),H18,0) -> 0 | O18: =IF((F18="A"),I18,0) -> 0 | P18: =IF((F18="A"),J18,0) -> 0
B19: =C18 -> 9+0000 | C19: 11+0900 | E19: =SUM('EST RED VIS (3)'!E26:E28) -> 3.089 | F19: P | G19: R | H19: =IF(G19="b",E19,0) -> 0 | I19: =IF(G19="r",E19,0) -> 3.089 | J19: =IF(G19="m",E19,0) -> 0 | K19: =IF((F19="p"),H19,0) -> 0 | L19: =IF((F19="p"),I19,0) -> 3.089 | M19: =IF((F19="p"),J19,0) -> 0 | N19: =IF((F19="A"),H19,0) -> 0 | O19: =IF((F19="A"),I19,0) -> 0 | P19: =IF((F19="A"),J19,0) -> 0
B20: =C19 -> 11+0900 | C20: 12+0395 | E20: =SUM('EST RED VIS (3)'!E29:E31) -> 0.716 | F20: P | G20: B | H20: =IF(G20="b",E20,0) -> 0.716 | I20: =IF(G20="r",E20,0) -> 0 | J20: =IF(G20="m",E20,0) -> 0 | K20: =IF((F20="p"),H20,0) -> 0.716 | L20: =IF((F20="p"),I20,0) -> 0 | M20: =IF((F20="p"),J20,0) -> 0 | N20: =IF((F20="A"),H20,0) -> 0 | O20: =IF((F20="A"),I20,0) -> 0 | P20: =IF((F20="A"),J20,0) -> 0
B21: =C20 -> 12+0395 | C21: 21+0000 | E21: =SUM('EST RED VIS (3)'!E32:E40) -> 8.485 | F21: A | G21: R | H21: =IF(G21="b",E21,0) -> 0 | I21: =IF(G21="r",E21,0) -> 8.485 | J21: =IF(G21="m",E21,0) -> 0 | K21: =IF((F21="p"),H21,0) -> 0 | L21: =IF((F21="p"),I21,0) -> 0 | M21: =IF((F21="p"),J21,0) -> 0 | N21: =IF((F21="A"),H21,0) -> 0 | O21: =IF((F21="A"),I21,0) -> 8.485 | P21: =IF((F21="A"),J21,0) -> 0
B22: =C21 -> 21+0000 | C22: 42+0000 | E22: =SUM('EST RED VIS (3)'!E41:E61) -> 20.71 | F22: A | G22: M | H22: =IF(G22="b",E22,0) -> 0 | I22: =IF(G22="r",E22,0) -> 0 | J22: =IF(G22="m",E22,0) -> 20.71 | K22: =IF((F22="p"),H22,0) -> 0 | L22: =IF((F22="p"),I22,0) -> 0 | M22: =IF((F22="p"),J22,0) -> 0 | N22: =IF((F22="A"),H22,0) -> 0 | O22: =IF((F22="A"),I22,0) -> 0 | P22: =IF((F22="A"),J22,0) -> 20.71
B23: =C22 -> 42+0000 | C23: 51+0000 | E23: =SUM('EST RED VIS (3)'!E62:E70) -> 8.47 | F23: A | G23: R | H23: =IF(G23="b",E23,0) -> 0 | I23: =IF(G23="r",E23,0) -> 8.47 | J23: =IF(G23="m",E23,0) -> 0 | K23: =IF((F23="p"),H23,0) -> 0 | L23: =IF((F23="p"),I23,0) -> 0 | M23: =IF((F23="p"),J23,0) -> 0 | N23: =IF((F23="A"),H23,0) -> 0 | O23: =IF((F23="A"),I23,0) -> 8.47 | P23: =IF((F23="A"),J23,0) -> 0
B24: =C23 -> 51+0000 | C24: 52+0000 | E24: =+'EST RED VIS (3)'!E71 -> 0.995 | F24: A | G24: M | H24: =IF(G24="b",E24,0) -> 0 | I24: =IF(G24="r",E24,0) -> 0 | J24: =IF(G24="m",E24,0) -> 0.995 | K24: =IF((F24="p"),H24,0) -> 0 | L24: =IF((F24="p"),I24,0) -> 0 | M24: =IF((F24="p"),J24,0) -> 0 | N24: =IF((F24="A"),H24,0) -> 0 | O24: =IF((F24="A"),I24,0) -> 0 | P24: =IF((F24="A"),J24,0) -> 0.995
B25: =C24 -> 52+0000 | C25: 61+0000 | E25: =SUM('EST RED VIS (3)'!E72:E80) -> 8.928 | F25: A | G25: R | H25: =IF(G25="b",E25,0) -> 0 | I25: =IF(G25="r",E25,0) -> 8.928 | J25: =IF(G25="m",E25,0) -> 0 | K25: =IF((F25="p"),H25,0) -> 0 | L25: =IF((F25="p"),I25,0) -> 0 | M25: =IF((F25="p"),J25,0) -> 0 | N25: =IF((F25="A"),H25,0) -> 0 | O25: =IF((F25="A"),I25,0) -> 8.928 | P25: =IF((F25="A"),J25,0) -> 0
B26: =C25 -> 61+0000 | C26: 64+0500 | E26: =SUM('EST RED VIS (3)'!E81:E84) -> 3.396 | F26: A | G26: M | H26: =IF(G26="b",E26,0) -> 0 | I26: =IF(G26="r",E26,0) -> 0 | J26: =IF(G26="m",E26,0) -> 3.396 | K26: =IF((F26="p"),H26,0) -> 0 | L26: =IF((F26="p"),I26,0) -> 0 | M26: =IF((F26="p"),J26,0) -> 0 | N26: =IF((F26="A"),H26,0) -> 0 | O26: =IF((F26="A"),I26,0) -> 0 | P26: =IF((F26="A"),J26,0) -> 3.396
B27: =C26 -> 64+0500 | C27: 65+0822 | E27: =SUM('EST RED VIS (3)'!E85:E87) -> 1.267 | F27: P | G27: B | H27: =IF(G27="b",E27,0) -> 1.267 | I27: =IF(G27="r",E27,0) -> 0 | J27: =IF(G27="m",E27,0) -> 0 | K27: =IF((F27="p"),H27,0) -> 1.267 | L27: =IF((F27="p"),I27,0) -> 0 | M27: =IF((F27="p"),J27,0) -> 0 | N27: =IF((F27="A"),H27,0) -> 0 | O27: =IF((F27="A"),I27,0) -> 0 | P27: =IF((F27="A"),J27,0) -> 0
B28: =C27 -> 65+0822 | C28: 66+0000 | E28: =+'EST RED VIS (3)'!E88 -> 0.138 | F28: A | G28: B | H28: =IF(G28="b",E28,0) -> 0.138 | I28: =IF(G28="r",E28,0) -> 0 | J28: =IF(G28="m",E28,0) -> 0 | K28: =IF((F28="p"),H28,0) -> 0 | L28: =IF((F28="p"),I28,0) -> 0 | M28: =IF((F28="p"),J28,0) -> 0 | N28: =IF((F28="A"),H28,0) -> 0.138 | O28: =IF((F28="A"),I28,0) -> 0 | P28: =IF((F28="A"),J28,0) -> 0
B29: =C28 -> 66+0000 | C29: 68+0000 | E29: =SUM('EST RED VIS (3)'!E89:E90) -> 1.979 | F29: A | G29: M | H29: =IF(G29="b",E29,0) -> 0 | I29: =IF(G29="r",E29,0) -> 0 | J29: =IF(G29="m",E29,0) -> 1.979 | K29: =IF((F29="p"),H29,0) -> 0 | L29: =IF((F29="p"),I29,0) -> 0 | M29: =IF((F29="p"),J29,0) -> 0 | N29: =IF((F29="A"),H29,0) -> 0 | O29: =IF((F29="A"),I29,0) -> 0 | P29: =IF((F29="A"),J29,0) -> 1.979
B30: =C29 -> 68+0000 | C30: 71+0000 | E30: =SUM('EST RED VIS (3)'!E91:E93) -> 2.86 | F30: A | G30: R | H30: =IF(G30="b",E30,0) -> 0 | I30: =IF(G30="r",E30,0) -> 2.86 | J30: =IF(G30="m",E30,0) -> 0 | K30: =IF((F30="p"),H30,0) -> 0 | L30: =IF((F30="p"),I30,0) -> 0 | M30: =IF((F30="p"),J30,0) -> 0 | N30: =IF((F30="A"),H30,0) -> 0 | O30: =IF((F30="A"),I30,0) -> 2.86 | P30: =IF((F30="A"),J30,0) -> 0
B31: =C30 -> 71+0000 | C31: 73+0000 | E31: =SUM('EST RED VIS (3)'!E94:E95) -> 1.94 | F31: A | G31: M | H31: =IF(G31="b",E31,0) -> 0 | I31: =IF(G31="r",E31,0) -> 0 | J31: =IF(G31="m",E31,0) -> 1.94 | K31: =IF((F31="p"),H31,0) -> 0 | L31: =IF((F31="p"),I31,0) -> 0 | M31: =IF((F31="p"),J31,0) -> 0 | N31: =IF((F31="A"),H31,0) -> 0 | O31: =IF((F31="A"),I31,0) -> 0 | P31: =IF((F31="A"),J31,0) -> 1.94
B32: =C31 -> 73+0000 | C32: 75+0000 | E32: =SUM('EST RED VIS (3)'!E96:E97) -> 1.928 | F32: A | G32: B | H32: =IF(G32="b",E32,0) -> 1.928 | I32: =IF(G32="r",E32,0) -> 0 | J32: =IF(G32="m",E32,0) -> 0 | K32: =IF((F32="p"),H32,0) -> 0 | L32: =IF((F32="p"),I32,0) -> 0 | M32: =IF((F32="p"),J32,0) -> 0 | N32: =IF((F32="A"),H32,0) -> 1.928 | O32: =IF((F32="A"),I32,0) -> 0 | P32: =IF((F32="A"),J32,0) -> 0
H34: =SUM(H12:H33) -> 8.035 | I34: =SUM(I12:I33) -> 33.685 | J34: =SUM(J12:J33) -> 31.801 | K34: =SUM(K12:K33) -> 4.428 | L34: =SUM(L12:L33) -> 4.942 | M34: =SUM(M12:M33) -> 2.781 | N34: =SUM(N12:N33) -> 3.607 | O34: =SUM(O12:O33) -> 28.743 | P34: =SUM(P12:P33) -> 29.02
H35: =SUM(H34:J34) -> 73.521 | K35: =SUM(K34:M34) -> 12.151 | N35: =SUM(N34:P34) -> 61.37
H36: =+H34/$H$35 -> 0.1092885 | I36: =+I34/$H$35 -> 0.45816841 | J36: =+J34/$H$35 -> 0.43254308
E37: CONVENCIONES | H37: TOTALES DE LA RED A CARGO
E38: B | F38: BUENO | H38: LA RED | K38: SUPERFICIE
E39: R | F39: REGULAR | K39: PAVIMENTO | N39: AFIRMADO
E40: M | F40: MALO | H40: B | I40: R | J40: M | K40: B | L40: R | M40: M | N40: B | O40: R | P40: M
H41: =+H42/$H$43 -> 0.1092885 | I41: =+I42/$H$43 -> 0.45816841 | J41: =+J42/$H$43 -> 0.43254308 | K41: =+K42/$K$43 -> 0.36441445 | L41: =+L42/$K$43 -> 0.4067155 | M41: =+M42/$K$43 -> 0.22887005 | N41: =+N42/$N$43 -> 0.058774646 | O41: =+O42/$N$43 -> 0.46835587 | P41: =+P42/$N$43 -> 0.47286948
A42: Notas: | H42: =+H34 -> 8.035 | I42: =+I34 -> 33.685 | J42: =+J34 -> 31.801 | K42: =+K34 -> 4.428 | L42: =+L34 -> 4.942 | M42: =+M34 -> 2.781 | N42: =+N34 -> 3.607 | O42: =+O34 -> 28.743 | P42: =+P34 -> 29.02
H43: =SUM(H42:J42) -> 73.521 | K43: =SUM(K42:M42) -> 12.151 | N43: =SUM(N42:P42) -> 61.37

Sheet FORMULARIO1 PRESUPUESTO OFICIAL
B1: INSTITUTO NACIONAL DE VIAS
B2: SUBDIRECCION DE LA RED NACIONAL DE CARRETERAS
F3: DIRECCIÓN OPERATIVA
B4: INVITACIÓN PÚBLICA IP-DT-CAU-018-2023
B5: SUMINISTRO DE MATERIAL DE AFIRMADO PARA COLOCAR CON MANO DE OBRA DE LAS COOPERATIVAS DE TRABAJO ASOCIADO, ENTRE EL PR13+0000 Y PR40+0000 DE LA VÍA 2401 PATICO – CANDELARIA
B7: PRESUPUESTO ESTIMADO DE OBRA
B9: No | C9: ITEM DE PAGO | D9: ESPECIFICACIONES | F9: DESCRIPCION | G9: UNID | H9: CANTIDAD | I9: VALOR UNITARIO | J9: VALOR TOTAL
D10: GENERAL | E10: PARTICULAR
B13: I. SUMINISTRO DE AFIRMADO RUTA 2401 SECTOR PR 13+0000 AL PR 40+0000
B14: 1 | C14: 311.1P | D14: 311 P | F14: Suministro de material de afirmado | G14: 921.5 | H14: 921.5
B17: SUBTOTAL NECESIDAD RUTA 2401
B18: SUBTOTAL VALOR BÁSICO DE LAS OBRAS
B19: VALOR BASICO DE LAS OBRAS
B20: VALOR IVA (OBRA) (19% SOBRE UTILIDAD OBRA)
B21: TOTAL OBRA BASICA + IVA
B22: VALOR TOTAL
B23: VALOR TOTAL EN LETRAS:
B24: NOTA 1: Teniendo en cuenta el Manual de Señalización Vial - Dispositivos uniformes para la Regulación del Tránsito en Calles, Carreteras y Ciclorrutas de Colombia, adoptado mediante Resolución No. 0001885 del 17 de junio de 2015 del Ministerio de Transporte, se aclara que el aparte de SEÑALIZACIÓN se debe ajustar a todo su contenido, esta señalización debe colocarse desde la órden de iniciación del contrato. | H24: DESCRIPCION | J24: PORCENTAJE
B25: NOTA 2:El control de tráfico temporal (controladores de trafico) y la señalización provisional necesarios para la ejecución de las obras será por cuenta y riesgo del contratista. | H25: ADMINISTRACION | I25: A=
B26: NOTA 3: Se debe tener en cuenta que el PRECIO UNITARIO incluye el valor de A.I.U. | H26: IMPREVISTO | I26: I=
B27: NOTA 4: Si el valor del A.I.U. presentado es menor al OCHENTA Y CICNO por ciento (85%) o mayor al Ciento diez por ciento (110%) del Valor Oficial del Porcentaje de A.I.U., establecido en el formulario No 1 "presupuesto oficial", la propuesta será rechazada. | H27: UTILIDAD | I27: U=
B28: NOTA 5: Cuando la fracción decimal del peso sea igual o superior a 5 se aproximara por exceso al número entero siguiente del peso y cuando la fracción decimal del peso sea inferior a 5 se aproximará por defecto al número entero del peso. | H28: TOTAL A.I.U | I28: A.I.U.=
B29: NOTA 6: El A.I.U y su discriminación deben estar en porcentaje (%).
B30: NOTA 7: El reconocimiento económico de los requerimientos ambientales exigidos por las autoridades ambientales, y/o sociales que son de obligatorio cumplimiento, serán reconocidos a cargo de reembolso de gastos (afectados por un % de administracion).
B31: NOTA 8: Los valores que aparecen fijos e inmodificables no podrán alterarse, de lo contrario será causal de rechazo de la propuesta por hacer parte integral del presente proceso
B32: NOTA 9: El CONTRATISTA dará estricto cumplimiento de los Protocolos de Bioseguridad, así como del Decreto 531 de 2020, la Resolución 666 de 2020, la Resolución 312 de 2019, y la Resolución 1443 de 2014.
